 Dungeon Crawl Stone Soup version 0.17-a0-2093-gc772f4b (webtiles) character file.

68 ololoev the Firebug (level 4, 18/30 HPs)
             Began as a Demonspawn Fire Elementalist on Oct 16, 2015.
             Quit the game on level 2 of the Dungeon.
             The game lasted 00:02:47 (701 turns).

ololoev the Firebug (Demonspawn Fire Elementalist)   Turns: 701, Time: 00:02:48

Health: 18/30      AC:  4    Str:  8    XL:     4   Next: 1%
Magic:  3/7        EV: 12    Int: 17    God:
Gold:   61         SH:  0    Dex: 16    Spells: 1 memorised, 6 levels left

rFire  . . .     SeeInvis .     e - +1 dagger (venom)
rCold  . . .     Clarity  .     o - -1 leather armour (curse)
rNeg   . . .     SustAt   .     (no shield)
rPois  .         Gourm    .     (no helmet)
rElec  .         Spirit   .     n - +0 cloak
rCorr  .         Warding  .     (no gloves)
rMut   .         Rnd*Tele +     h - +0 pair of boots
MR     .....                    l - amulet of rage
Stlth  +++.......               g - ring of teleportation (curse)
                                i - ring of stealth

@: very slightly contaminated, not resistant to hostile enchantments, fairly
stealthy
A: thin skeletal structure 1, spiny 1, rot immunity
a: Evoke Berserk Rage, Evoke Teleportation


Innate Abilities, Weirdness & Mutations

You have a somewhat thin skeletal structure (Dex +2, Stealth).
You are partially covered in sharp spines.
You are immune to rotting.

Inventory:

Hand Weapons
 e - a +1 dagger of venom (weapon)
Armour
 a - a +0 robe
 h - a +0 pair of boots (worn)
 n - a +0 cloak (worn)
 o - a cursed -1 leather armour (worn)
Jewellery
 g - a cursed ring of teleportation (right hand)
 i - a ring of stealth (left hand)
 l - an amulet of rage (around neck)
Potions
 d - 2 potions of heal wounds
 f - a potion of resistance
 j - a potion of haste
 k - a potion of mutation
 m - 2 potions of agility
 p - a potion of lignification {unknown}
Books
 b - a book of Flames

   Spells                             Type                      Level
   a - Flame Tongue                   Conjuration/Fire             1
   b - Throw Flame                    Conjuration/Fire             2
   c - Conjure Flame                  Conjuration/Fire             3
   d - Inner Flame                    Hexes/Fire                   3
   e - Sticky Flame                   Conjuration/Fire             4
   f - Fireball                       Conjuration/Fire             5
Comestibles
 c - a bread ration
 q - 4 chunks of flesh


   Skills:
 - Level 1.7 Dodging
 - Level 1.7 Stealth
 + Level 2.3 Spellcasting
 * Level 3.0 Conjurations
 + Level 3.2 Fire Magic


You had 6 spell levels left.
You knew the following spells:

 Your Spells              Type           Power        Failure   Level  Hunger
a - Flame Tongue          Conj/Fire      ##...        10%         1    #......


You were on level 2 of the Dungeon.
You were not hungry.

You visited 1 branch of the dungeon, and saw 2 of its levels.

You collected 61 gold pieces.

.. #†#
.#.#######.###
######.#
#........... #
#.....##
##.####...##
..#..####...##.###..
#...#
............#...#...
#...#
###..####÷.#.)...#..
###)## ...
#).......#.. #...# .
#.##@...##.. #...#
...............
#...#
....###...###.#
#.... .... #..$#
##......>. ....
..#.# ......... ...
#...# #........
##.## #####...# .
#.... #...#

Notes
Turn   | Place    | Note
--------------------------------------------------------------
     0 | D:1      | ololoev the Demonspawn Fire Elementalist began the quest for the Orb.
     0 | D:1      | Reached XP level 1. HP: 13/13 MP: 3/3
   188 | D:1      | Gained mutation: You are partially covered in sharp spines. [demonic ancestry]
   188 | D:1      | Reached XP level 2. HP: 14/19 MP: 5/5
   443 | D:1      | Reached skill level 3 in Fire Magic
   622 | D:2      | Gained mutation: You have a somewhat thin skeletal structure (Dex +2, Stealth). [demonic ancestry]
   622 | D:2      | Reached XP level 3. HP: 21/24 MP: 1/6
   667 | D:2      | Noticed Natasha
   671 | D:2      | Killed Natasha
   678 | D:2      | Noticed Natasha
   684 | D:2      | Killed Natasha
   693 | D:2      | Noticed Natasha
   698 | D:2      | Killed Natasha
   698 | D:2      | Gained mutation: You are immune to rotting. [demonic ancestry]
   698 | D:2      | Reached XP level 4. HP: 18/30 MP: 3/7
   701 | D:2      | Quit the game

Dungeon Overview and Level Annotations

Branches:
Dungeon (2/15)

Altars:


Message History

Natasha misses you.
You closely miss Natasha.
Natasha is severely wounded.
Natasha is struck by your spines.
You kill Natasha!
Natasha screams in pain as she dies!
Your Conjurations skill increases to level 3!
You see here the felid corpse of Natasha.
You butcher the felid corpse of Natasha.
q - 4 chunks of flesh (gained 2)
You see here the felid skeleton of Natasha.
g - a tubular pearl ring Put on which piece of jewellery? (? for menu, Esc to quit)
You feel slightly jumpy.
Oops, that ring feels deathly cold.
g - a cursed ring of teleportation (right hand) Read which item? (? for menu, Esc to quit)
Okay, then.
Natasha, Servant of Life and Death comes into view.
Natasha is nearby!
Natasha is nearby!
Natasha is nearby!
Natasha is nearby!
Natasha stares at you and mumbles some strange words.
The magic dart hits you!
Natasha hisses.
Natasha is struck by your spines. Natasha claws you.
You hit Natasha.
Natasha is poisoned.
Natasha is almost dead.
Natasha casts a spell at you. The magic dart hits you!
You barely miss Natasha.
Natasha is almost dead.
You kill Natasha!
You feel Natasha's spirit has finally been put to rest.
You have reached level 4!
You feel agile.
Your demonic ancestry asserts itself...
You feel immune to rotting.
p - a cyan potion You see here the felid corpse of Natasha.
Are you sure you want to abandon this character and quit the game? (Confirm with "yes".)

There were no monsters in sight!

Vanquished Creatures
  Natasha (thrice) (D:2)
  An adder (D:2)
  2 giant cockroaches (D:1)
  A hobgoblin (D:1)
  4 jackals (D:1)
  6 bats
  A giant gecko (D:1)
  2 goblins
  5 kobolds
25 creatures vanquished.

Action                   |  1- 3 |  4- 6 || total
-------------------------+-------+-------++-------
Melee: Dagger            |    29 |       ||    29
 Cast: Flame Tongue      |    12 |       ||    12
  Use: Scroll            |     7 |       ||     7
 Stab: Sleeping          |     1 |       ||     1

Vault maps used:
D:1:      dpeg_arrival_shrine
D:2:      uniq_natasha
